 Dungeon Crawl Stone Soup version 0.22-a0-565-gfc6459a (webtiles) character file.

531 iamserjio the Chopper (level 7, -5/43 HPs)
             Began as a Gargoyle Fighter on June 28, 2018.
             Was an Initiate of Makhleb.
             Slain by an ogre
             ... wielding a +0 giant spiked club
              (16 damage)
             ... on level 6 of the Dungeon.
             The game lasted 00:08:45 (1501 turns).

iamserjio the Chopper (Gargoyle Fighter)            Turns: 1501, Time: 00:08:46

Health: -5/43      AC: 17    Str: 20    XL:     7   Next: 24%
Magic:  7/7        EV:  3    Int:  8    God:    Makhleb [......]
Gold:   101        SH:  9    Dex: 11    Spells: 6/6 levels left

rFire    . . .     SeeInvis .   a - +0 war axe
rCold    . . .     Gourm    .   c - +0 shield
rNeg     + . .     Faith    .   r - +0 plate armour
rPois    ∞         Spirit   .   (no helmet)
rElec    +         Reflect  .   (no cloak)
rCorr    .         Harm     .   j - +0 pair of gloves
MR       .....                  (no boots)
Stlth    ..........             (no amulet)
HPRegen  0.14/turn              (no ring)
MPRegen  0.10/turn              (no ring)

@: no status effects
A: negative energy resistance 1, electricity resistance, unbreathing,
petrification resistance, rot immunity, AC +4
a: Renounce Religion


You were on level 6 of the Dungeon.
You worshipped Makhleb.
Makhleb was noncommittal.
You were hungry.

You visited 2 branches of the dungeon, and saw 7 of its levels.
You also visited: Sewer.

You collected 101 gold pieces.

Inventory:

Hand Weapons
 a - a +0 war axe (weapon)
Missiles
 e - 2 tomahawks (quivered)
Armour
 b - a +0 scale mail
 c - a +0 shield (worn)
 g - a +0 chain mail
 h - a +1 chain mail of cold resistance
 j - a +0 pair of gloves (worn)
 r - a +0 plate armour (worn)
Wands
 v - a wand of digging (17)
Scrolls
 i - 2 scrolls of amnesia
 m - a scroll of fear
 p - 2 scrolls of teleportation
 q - a scroll of enchant armour {unknown}
 u - a scroll of identify {@r1}
 x - a scroll of random uselessness {unknown}
Potions
 d - a potion of might
 k - a potion of brilliance {unknown}
 l - 2 potions of curing {@q1}
 n - a potion of heal wounds {unknown}
 o - a potion of magic {unknown}
 s - a potion of lignification {unknown}
 t - a potion of degeneration {unknown}
Comestibles
 f - 6 rations
 w - 8 chunks of flesh


   Skills:
 + Level 4.0 Fighting
 * Level 6.1 Axes
 + Level 4.0 Armour
 - Level 4.0 Shields


You had 6 spell levels left.
You didn't know any spells.
Your spell library was empty.

Dungeon Overview and Level Annotations

Branches:
Dungeon (6/15)             Temple (1/1) D:5

Altars:
Cheibriados
Dithmenos
Fedhas
Makhleb
Okawaru
Ru
Sif Muna
Trog
Uskayaw
Vehumet
Xom
Yredelemnul
Zin
The Shining One

Annotations:
D:5 1 runed door, iamserjio's ghost, amateur GnAs


Innate Abilities, Weirdness & Mutations

You are resistant to torment.
Your stone body is resilient. (AC +4)
You are immune to poison.
You resist negative energy. (rN+)
You are resistant to electric shocks. (rElec)
You can survive without breathing.
You are immune to petrification.
You are immune to rotting.


Message History

You butcher the ogre corpse.
w - 8 chunks of flesh (gained 6)
You see here a giant club.
There isn't anything to butcher here.
Found a leather armour.
Found a spear.
You see here a leather armour.
An ogre comes into view. It is wielding a giant spiked club.
The ogre shouts!
You hit the ogre.
The ogre is moderately wounded.
The ogre hits you with a giant spiked club!
* * * LOW HITPOINT WARNING * * *
Your shield and plate armour prevent you from hitting the ogre.
The ogre is moderately wounded.
The ogre hits you but does no damage.
Your shield prevents you from hitting the ogre.
The ogre is moderately wounded.
The ogre hits you with a giant spiked club!
You die...

## .# . .
.# #.# #..#
###O..####
#.@.......
#.#...###.
#.##..#
#.###.#
#[#...#
#.#)#####.#
#.........#
#.#
###.######
#.# ##.##
##[##


You could see an ogre.

Vanquished Creatures
  An ogre (D:6)
  A crimson imp (D:5)
  3 bullfrog zombies
  An orc wizard (D:3)
  2 iguanas (D:4)
  A worker ant (D:6)
  Terence (D:2)
  A howler monkey zombie (D:5)
  8 adders
  6 river rats (Sewer)
  A dart slug (D:2)
  A leopard gecko (D:3)
  8 orcs
  2 giant cockroaches (D:3)
  2 goblins (D:1)
  2 kobolds (D:1)
  A quokka (D:5)
  3 ball pythons (Sewer)
  A bat (D:3)
  7 frilled lizards
  9 rats
62 creatures vanquished.

Notes
Turn   | Place    | Note
-------+----------+-------------------------------------------
     0 | D:1      | iamserjio the Gargoyle Fighter began the quest for the Orb.
     0 | D:1      | Reached XP level 1. HP: 14/14 MP: 1/1
    89 | D:1      | Reached skill level 2 in Axes
   135 | D:2      | Reached XP level 2. HP: 6/19 MP: 2/2
   138 | D:2      | Reached skill level 3 in Axes
   138 | D:2      | Reached XP level 3. HP: 8/23 MP: 3/3
   213 | D:2      | Noticed Terence
   225 | D:2      | Killed Terence
   272 | D:2      | Reached XP level 4. HP: 18/28 MP: 4/4
   400 | D:3      | Found a glowing drain.
   417 | D:3      | Reached skill level 4 in Axes
   429 | Sewer    | Entered a sewer
   525 | Sewer    | Reached XP level 5. HP: 29/32 MP: 5/5
   704 | D:3      | Reached skill level 5 in Axes
   764 | D:4      | Reached XP level 6. HP: 36/37 MP: 6/6
   809 | D:5      | Entered Level 5 of the Dungeon
   975 | D:4      | Found a blossoming altar of Fedhas.
   977 | D:4      | Found a hide-covered altar of Uskayaw.
   980 | D:4      | Found a shimmering altar of Xom.
  1026 | D:4      | Found a sacrificial altar of Ru.
  1203 | D:5      | Found a staircase to the Ecumenical Temple.
  1214 | Temple   | Entered the Ecumenical Temple
  1273 | Temple   | Became a worshipper of Makhleb the Destroyer
  1307 | D:5      | Found a runed door.
  1308 | D:5      | Found a shimmering altar of Xom.
  1308 | D:5      | Noticed iamserjio's ghost (amateur GnAs)
  1308 | D:5      | Noticed a hand axe of chaos
  1453 | D:6      | Reached XP level 7. HP: 38/42 MP: 7/7
  1469 | D:6      | Reached skill level 6 in Axes
  1501 | D:6      | Slain by an ogre

Vault maps used:
D:1:      roderic_crop_circles_arrival_small
D:2:      minmay_door_path, uniq_terence
D:3:      gup_sewer_entry_glass, first_ration
D:4:      nicolae_ru_path_of_blood, grunt_temple_overflow_open
D:5:      temple_statues, serial_shops, nicolae_shop_stone, ebering_ghost_xom,
          hangedman_decor_lopped
D:6:      basic_altar
Temple:   hc_temple_tempest_star
Sewer:    sewer_co_cracked_pipes

Skill      XL: |  1  2  3  4  5  6  7 |
---------------+----------------------+-----
Axes           | 2 3 4 5 6 |  6.1
Fighting       | 4 |  4.0
Armour         | 4 |  4.0
Shields        | 4 |  4.0

Action                   |  1- 3 |  4- 6 |  7- 9 || total
-------------------------+-------+-------+-------++-------
Melee: War axe           |    54 |   216 |    19 ||   289
  Use: Scroll            |       |     4 |       ||     4
  Eat: Chunk             |       |     2 |       ||     2
Armor: Scale mail        |    21 |       |       ||    21
       Chain mail        |    19 |    87 |       ||   106
       Plate armour      |       |    66 |     6 ||    72
Dodge: Dodged            |    15 |    44 |     2 ||    61
Block: Shield            |    29 |   115 |     4 ||   148

Table legend:
 A = Spawn XP
 B = Non-spawn XP
 C = Spawn XP percentage of total XP
 D = Spawn monster count
 E = Non-spawn monster count
 F = Spawn count percentage of total count
 G = Total turns spent on level
                    A         B        C        D         E        F      G
               +---------+---------+-------+---------+---------+-------+---------
         Total |       0 |     759 |   0.0 |       0 |      62 |   0.0 |  1501
               +---------+---------+-------+---------+---------+-------+---------
           D:1 |       0 |      10 |   0.0 |       0 |       7 |   0.0 |   168
           D:2 |       0 |      75 |   0.0 |       0 |       5 |   0.0 |   109
           D:3 |       0 |     108 |   0.0 |       0 |      16 |   0.0 |   245
           D:4 |       0 |      96 |   0.0 |       0 |       6 |   0.0 |   344
           D:5 |       0 |     175 |   0.0 |       0 |       6 |   0.0 |   191
           D:6 |       0 |     201 |   0.0 |       0 |       3 |   0.0 |   123
         Sewer |       0 |      94 |   0.0 |       0 |      19 |   0.0 |   245
               +---------+---------+-------+---------+---------+-------+---------
